 Dungeon Crawl Stone Soup version 0.30.1-11-g7821555f0a (webtiles) character file.

Game seed: 10947379787183055872

20 pkoi the Trooper (level 2, 0/27 HPs)
             Began as a Draconian Monk on Nov 6, 2023.
             Slain by a cerulean imp
             ... wielding a +0 spear
             ... summoned by Natasha
              (3 damage)
             ... on level 2 of the Dungeon.
             The game lasted 00:01:08 (793 turns).

pkoi the Trooper (Draconian Monk)                    Turns: 793, Time: 00:01:08

Health: 0/27       AC:  4    Str: 13    XL:     2   Next: 58%
Magic:  2/2        EV: 12    Int: 10    God:
Gold:   19         SH:  0    Dex: 13    Spells: 1/1 levels left

rFire   . .          .
                       - Unarmed
rCold   . . .        b - orb {light}
rNeg    + . .        (body armour unavailable)
rPois   .            (helmet restricted)
rElec   .            (no cloak)
rCorr   .            (no gloves)
SInv    .            (no boots)
Will    .....        o - amulet of magic regeneration
Stlth   +            c - ring of positive energy
HPRegen 0.24/turn    (no ring)
MPRegen 0.48/turn

%: no passive effects
@: glowing
A: AC +4, unfitting armour, cold-blooded
a: no special abilities


You were on level 2 of the Dungeon.
You visited 1 branch of the dungeon, and saw 2 of its levels.

You collected 19 gold pieces.

Inventory:

Missiles
 h - 6 poisoned darts (quivered)
Armour
 b - an orb of light (worn)
Jewellery
 c - a ring of positive energy (left hand)
 o - an amulet of magic regeneration (around neck)
Scrolls
 d - a scroll of identify {unknown}
 e - a scroll of amnesia {unknown}
 g - a scroll of fear {unknown}
 i - a scroll of teleportation {unknown}
 k - a scroll of immolation {unknown}
 m - a scroll of magic mapping {unknown}
 n - a scroll of enchant armour {unknown}
Potions
 a - a potion of ambrosia
 f - a potion of flight {unknown}
 j - a potion of curing {unknown}
 l - a potion of haste {unknown}


   Skills:
 - Level 3.7 Fighting
 - Level 3.0 Dodging
 + Level 3.3 Unarmed Combat


You had one spell level left.
You didn't know any spells.
Your spell library contained the following spells:

 Spells                   Type           Power      Damage    Failure   Level
 Apportation              Tloc           0%         N/A       36%         1
 Necrotise                Necr           0%         1d4       36%         1
 Summon Small Mammal      Summ           0%         N/A       36%         1
 Inner Flame              Hex/Fire       0%         N/A       75%         3
 Yara's Violent Unravell  Hex/Tmut       0%         3d3       100%        5
 Enfeeble                 Hex            0%         N/A       100%        7


Dungeon Overview and Level Annotations

Branches:
Dungeon (2/15)

Altars:

Annotations:
D:2 Natasha


Innate Abilities, Weirdness & Mutations

Your plain brown scales are hard. (AC +4)
You cannot fit into any form of body armour.
You are cold-blooded and may be slowed by cold attacks.


Message History

Done exploring.
Done exploring.
(D) Dungeon
Where to? (? - help)
There is a staircase leading out of the dungeon here.
There is a stone staircase leading down here.
You climb downwards.
There is a stone staircase leading up here.
Okay, then.
Search for what [? for help]? armor You open the door.
Found a stone staircase leading down.
Natasha, Servant of Life and Death comes into view.
She is carrying a wand of flame (14).
Natasha hisses angrily.
Natasha stares at you and mumbles some strange words.
The magic dart hits you.
There is an open door, spattered with blood here.
You are too injured to fight recklessly!
Natasha stares at you and mumbles some strange words.
You resist with significant effort. Natasha barely misses you.
Natasha zaps a wand.
The puff of flame hits you.
You barely miss Natasha.
Natasha zaps a wand.
The puff of flame hits you!
You barely miss Natasha.
Natasha casts a spell.
You barely miss Natasha.
Natasha zaps a wand.
The puff of flame misses you. The cerulean imp barely misses you.
You hit Natasha.
Natasha is moderately wounded.
Natasha casts a spell at you. The magic dart hits you!
* * * LOW HITPOINT WARNING * * *
The cerulean imp hits you from afar with a +0 spear.
* * * LOW HITPOINT WARNING * * *
You hit Natasha.
Natasha is heavily wounded.
Natasha claws you.
* * * LOW HITPOINT WARNING * * *
The cerulean imp hits you from afar with a +0 spear.
You die...

# ##### #. #...#
#.ยง #...#
##...#####h..#
.......>5.@..#
####
#######'######
.... .........##
.#.# ..........#
.#.#.#########.#
.#.#.###### #.#
..........####.#
.#.#.#.........#
.#.#.#.##.######


You could see Natasha and a cerulean imp (summoned).

Vanquished Creatures
  6 bats (D:1)
  An endoplasm (D:1)
  2 giant cockroaches (D:1)
  A goblin (D:1)
  A hobgoblin (D:1)
  A kobold (D:1)
  A ball python (D:1)
  4 frilled lizards (D:1)
  4 rats (D:1)
21 creatures vanquished.

Notes
Turn   | Place    | Note
-------+----------+-------------------------------------------
     0 | D:1      | pkoi the Draconian Monk began the quest for the Orb.
     0 | D:1      | Reached XP level 1. HP: 19/19 MP: 1/1
   135 | D:1      | Reached XP level 2. HP: 25/26 MP: 2/2
   785 | D:2      | Noticed Natasha
   793 | D:2      | Slain by a cerulean imp

Illustrated notes

Levels and vault maps discovered:
D:1:      dpeg_arrival_orchard, layout_loops_ring, minmay_pentomino_t2
D:2:      layout_basic, lemuel_flame_loot_1, uniq_natasha

Skill      XL: |  1  2 |
---------------+-------+-----
Dodging        | 3 |  3.0
Fighting       | |  3.7
Unarmed Combat | |  3.3

Action                     || total
---------------------------++-------
  Melee: Unarmed           ||    56
         Tailslap          ||     7
 Armour: Skin              ||    13
  Dodge: Dodged            ||    34
